Map: [ESL] Oceanborn

Players

Gerald

  • Race: Protoss Protoss
  • Spawn Location: 11:00

Lambo - Winner!

  • Race: Zerg Zerg
  • Spawn Location: 5:00

Event: ESL SC2 Masters 2023 Winter (Regional)

VOD

Have the link to the VOD?

Description

Time

  • Played on: Nov. 4, 2023, 9:29 a.m.
  • Length: 12:53

All games in this series

Show
View Real Time Build Order
Export as new Build Order

Gerald Protoss 

Build Orders: 1 Gate Expand, Oracle Opening 

Get SALT Encoding   

  12  0:00  Probe  
  13  0:12  Probe  
  14  0:19  Pylon  
  14  0:24  Probe  
  15  0:37  Probe (Chrono Boost)  
  15  0:40  Gateway  
  16  0:46  Probe (Chrono Boost)  
  16  0:49  Assimilator  
  17  0:51  Probe  
  18  1:03  Probe  
  19  1:15  Probe  
  20  1:26  Nexus  
  20  1:29  Probe  
  21  1:37  Cybernetics Core  
  21  1:41  Probe  
  22  1:47  Assimilator  
  22  1:53  Pylon  
  22  1:54  Probe  
  23  2:11  Probe, Adept (Chrono Boost)  
  26  2:22  Stargate  
  26  2:23  Probe  
  27  2:31  Adept (Chrono Boost)  
  27  2:35  Probe  
  30  2:41  Probe  
  31  2:47  Probe  
  31  2:48  Warp Gate  
  32  2:53  Probe, Adept  
  35  2:59  Probe  
  36  3:06  Probe  
  36  3:11  Probe  
  36  3:12  Void Ray (Chrono Boost)  
  42  3:14  Pylon  
  42  3:18  Probe  
  43  3:24  Probe  
  44  3:30  Probe  
  45  3:36  Gateway, Probe  
  45  3:39  Oracle (Chrono Boost)  
  44  3:42  Probe  
  44  3:44  Gateway  
  44  3:48  Probe  
  49  3:51  Assimilator  
  49  3:53  Assimilator  
  49  3:54  Probe  
  50  4:00  Probe  
  50  4:06  Probe  
  51  4:12  Probe  
  53  4:18  Stargate, Probe  
  53  4:20  Nexus  
  53  4:22  Pylon  
  51  4:24  Probe  
  51  4:30  Probe  
  53  4:36  Probe  
  54  4:41  Phoenix (Chrono Boost)  
  54  4:42  Probe, Adept x2  
  61  4:46  Pylon  
  61  4:47  Pylon  
  61  4:48  Probe  
  62  5:04  Phoenix (Chrono Boost), Probe  
  62  5:05  Adept  
  62  5:06  Adept  
  72  5:07  Probe  
  72  5:12  Phoenix (Chrono Boost)  
  72  5:16  Probe  
  72  5:19  Probe  
  76  5:26  Phoenix x2 (Chrono Boost)  
  78  5:31  Probe x2  
  78  5:33  Probe  
  81  5:36  Twilight Council, Pylon  
  81  5:48  Probe  
  81  5:49  Gateway  
  80  5:51  Gateway  
  80  5:52  Phoenix (Chrono Boost)  
  80  5:58  Oracle (Chrono Boost)  
  81  6:06  Probe x2  
  81  6:09  Gateway  
  81  6:10  Sentry, Gateway, Stalker  
  85  6:12  Gateway  
  85  6:14  Assimilator  
  85  6:15  Probe  
  85  6:18  Probe x2  
  88  6:20  Shield Battery  
  88  6:21  Assimilator  
  88  6:22  Shield Battery  
  88  6:27  Probe  
  88  6:30  Probe x2  
  90  6:32  Gateway  
  90  6:36  Adept  
  90  6:37  Adept  
  90  6:39  Probe  
  88  6:42  Probe x2  
  88  6:46  Void Ray (Chrono Boost)  
  94  6:51  Probe  
  94  6:52  Void Ray (Chrono Boost)  
  97  6:54  Gateway  
  97  7:01  Stalker  
  97  7:02  Sentry  
  97  7:06  Pylon  
  97  7:07  Gateway  
  101  7:13  Probe  
  98  7:22  Pylon  
  98  7:23  Pylon  
  98  7:24  Probe  
  98  7:27  Pylon, Probe  
  98  7:29  Probe  
  97  7:36  Templar Archives, Probe  
  98  7:39  Zealot, Probe, Pylon  
  98  7:40  Charge (Chrono Boost)  
  98  7:41  Probe, Pylon  
  98  7:43  Pylon  
  102  7:45  Pylon  
  102  7:48  Probe  
  102  7:50  Pylon  
  102  7:52  Probe  
  102  8:00  Probe  
  102  8:01  Psionic Storm  
  102  8:03  Probe  
  103  8:06  Zealot x2  
  103  8:07  Zealot x5  
  103  8:08  Phoenix x2  
  103  8:11  Probe  
  122  8:15  Nexus  
  122  8:17  Pylon  
  120  8:33  High Templar x5, Zealot  
  120  8:34  Zealot  
  132  8:35  Shield Battery  
  132  8:38  Shield Battery x2  
  132  8:40  Probe  
  133  8:44  Probe  
  133  8:45  Probe  
  135  8:50  Archon  
  135  8:54  Zealot  
  135  8:55  Zealot  
  139  8:56  Probe  
  140  9:06  Probe x2  
  140  9:08  Archon  
  134  9:10  Zealot x3  
  127  9:18  Zealot  
  127  9:19  Zealot x3  
  127  9:24  Phoenix x2 (Chrono Boost)  
  126  9:29  Probe x2  
  126  9:30  Probe  
  119  9:32  Zealot x3  
  119  9:34  Probe  
  126  9:38  Gateway  
  126  9:40  Gateway  
  126  9:41  Probe  
  126  9:43  Gateway  
  126  9:45  High Templar x4  
  129  9:46  Phoenix (Chrono Boost)  
  137  9:55  Protoss Air Weapons Level 1  
  137  9:58  Zealot x3  
  139  10:12  Probe x4  
  136  10:14  Phoenix x2  
  136  10:20  Shield Battery x2  
  140  10:23  Forge  
  140  10:24  High Templar x2, Probe x4  
  140  10:25  Zealot x5  
  158  10:30  Archon  
  158  10:36  Zealot x2, Probe x2  
  158  10:39  Blink (Chrono Boost), Probe  
  166  10:46  Zealot x3  
  172  10:51  Pylon  
  172  10:54  Assimilator, Pylon  
  172  10:55  Assimilator, Protoss Ground Weapons Level 1 (Chrono Boost)  
  172  10:56  Pylon  
  171  10:59  Pylon  
  171  11:13  Stalker x2  
  171  11:14  Stalker x6  
  183  11:22  Zealot x2  
  185  11:27  Archon  
  117  11:40  Probe  
  117  11:41  Zealot x8  
  117  11:43  Probe x2  
  126  11:52  Probe  
  127  11:55  Probe x2  
  127  11:56  High Templar x2  
  127  12:01  Archon  
  127  12:04  Stalker x8  
  113  12:14  Phoenix  
  85  12:26  Stalker  
  85  12:27  Zealot  
  85  12:28  Zealot x2  
  82  12:31  Zealot  
  82  12:32  Zealot x2  
  74  12:38  Zealot  
Show
View Real Time Build Order
Export as new Build Order

Lambo Zerg - Winner!

Build Orders: Hatch First 

Get SALT Encoding   

  12  0:00  Drone  
  13  0:12  Overlord  
  13  0:16  Drone  
  14  0:30  Drone x2  
  16  0:47  Hatchery  
  15  0:50  Drone  
  15  0:54  Drone  
  15  0:56  Drone  
  18  1:09  Extractor  
  17  1:12  Spawning Pool  
  17  1:17  Drone  
  17  1:21  Drone  
  18  1:28  Drone  
  19  1:39  Drone  
  20  1:51  Overlord  
  20  1:59  Queen x2  
  20  2:01  Zergling x2, Drone  
  26  2:10  Metabolic Boost  
  26  2:11  Zergling x2  
  26  2:12  Drone  
  28  2:20  Drone  
  28  2:22  Drone  
  30  2:32  Drone x2  
  32  2:38  Hatchery  
  32  2:44  Queen  
  31  2:49  Overlord  
  33  2:51  Drone  
  33  2:57  Zergling x2  
  33  2:58  Zergling x2  
  36  3:04  Overlord  
  36  3:07  Zergling x2  
  36  3:09  Queen  
  39  3:14  Drone x3  
  39  3:15  Drone  
  43  3:20  Overlord  
  42  3:33  Drone x4  
  44  3:41  Drone x3  
  47  3:44  Drone  
  48  3:49  Queen  
  48  3:53  Overlord  
  50  3:56  Drone  
  50  3:58  Drone x2  
  50  4:00  Drone  
  53  4:04  Overlord  
  53  4:05  Drone  
  53  4:09  Drone x2  
  55  4:11  Zergling x2  
  55  4:15  Queen  
  57  4:19  Spore Crawler  
  57  4:21  Drone, Evolution Chamber  
  57  4:24  Overlord  
  56  4:26  Drone  
  56  4:29  Zergling x2  
  56  4:30  Spore Crawler  
  57  4:31  Zergling x2  
  57  4:33  Drone  
  57  4:35  Drone  
  57  4:37  Overlord  
  60  4:42  Drone x3  
  62  4:46  Zerg Melee Weapons Level 1  
  62  4:47  Overlord  
  62  4:48  Drone  
  62  4:51  Drone  
  62  4:52  Drone  
  65  4:54  Drone  
  65  4:58  Drone x4  
  70  5:01  Baneling Nest  
  70  5:04  Drone  
  70  5:07  Zergling x4  
  70  5:09  Drone  
  70  5:11  Extractor  
  70  5:13  Drone, Spore Crawler  
  71  5:14  Drone x2  
  71  5:15  Drone  
  71  5:16  Drone  
  75  5:21  Drone x3  
  78  5:30  Drone x3  
  81  5:36  Zergling x8  
  84  5:48  Zergling x12  
  87  5:56  Zergling x12  
  87  5:57  Zergling x2, Lair  
  90  6:03  Hatchery  
  90  6:04  Drone  
  88  6:06  Extractor x2  
  88  6:08  Drone x2  
  88  6:12  Drone x2  
  88  6:13  Drone x2  
  88  6:16  Drone  
  93  6:20  Drone  
  93  6:21  Extractor  
  93  6:26  Drone x2  
  93  6:29  Drone x4  
  92  6:35  Queen x2  
  92  6:36  Zergling x4  
  92  6:37  Zergling x4  
  96  6:40  Zergling x4  
  96  6:42  Zergling x4  
  96  6:45  Zergling x2  
  97  6:47  Baneling x6  
  97  6:49  Baneling x2  
  97  6:58  Overlord  
  97  6:59  Overlord  
  97  7:03  Overlord  
  97  7:04  Overlord  
  97  7:07  Overlord  
  97  7:08  Overlord, Hydralisk Den  
  96  7:10  Overlord  
  96  7:12  Drone  
  96  7:14  Queen x2  
  100  7:20  Zergling x18  
  104  7:23  Drone  
  104  7:28  Drone x5  
  104  7:29  Zerg Melee Weapons Level 2  
  108  7:32  Centrifugal Hooks  
  108  7:33  Drone x4, Spore Crawler  
  108  7:35  Drone  
  112  7:39  Zergling x8  
  112  7:41  Muscular Augments  
  112  7:42  Drone x2  
  118  7:50  Drone, Queen  
  120  7:51  Extractor  
  120  7:54  Hydralisk x5  
  128  8:01  Hydralisk  
  128  8:04  Zergling x8  
  134  8:08  Drone x2  
  134  8:11  Zergling x4  
  134  8:12  Zergling x6, Hatchery  
  140  8:15  Zergling x2  
  139  8:24  Hydralisk  
  139  8:25  Hydralisk x4  
  140  8:33  Zergling x14  
  143  8:39  Hydralisk  
  143  8:40  Hydralisk x2  
  150  8:41  Zergling x6  
  150  8:45  Grooved Spines  
  150  8:47  Baneling  
  150  8:48  Zergling x4, Baneling x4  
  154  8:50  Baneling x2  
  154  8:53  Zergling x10, Extractor  
  154  8:54  Baneling x2, Overlord x3  
  158  8:57  Overlord  
  158  8:58  Overlord  
  158  9:00  Overlord  
  158  9:02  Overlord  
  158  9:03  Zergling x4  
  158  9:05  Baneling  
  157  9:11  Zergling x6  
  148  9:17  Zergling x6  
  148  9:18  Zergling x2  
  148  9:20  Zergling x10  
  148  9:23  Hydralisk x6  
  142  9:25  Zergling x2  
  142  9:27  Zergling x2  
  142  9:30  Hydralisk x3  
  133  9:32  Hydralisk  
  133  9:35  Zergling x2  
  133  9:36  Zergling x4  
  133  9:37  Baneling x2  
  134  9:40  Zergling x4  
  134  9:43  Zergling x2  
  134  9:44  Baneling  
  134  9:45  Zergling x4, Baneling x3  
  138  9:48  Zergling x2  
  138  9:49  Zergling x4  
  138  9:51  Zergling x12  
  147  9:54  Pneumatized Carapace  
  147  9:59  Hydralisk x3  
  152  10:07  Hydralisk x2  
  152  10:10  Zergling x2  
  152  10:11  Zergling x10  
  152  10:13  Drone  
  158  10:15  Hydralisk  
  158  10:17  Hydralisk x3  
  158  10:19  Drone x5  
  168  10:23  Spore Crawler  
  168  10:25  Zergling x8  
  171  10:35  Zergling x8  
  175  10:40  Drone x3  
  175  10:41  Spine Crawler  
  177  10:43  Baneling x6  
  177  10:46  Zergling x4  
  177  10:47  Overseer  
  177  10:48  Hatchery  
  177  10:49  Baneling x6  
  178  10:51  Zergling x2  
  178  10:52  Zergling x4  
  178  10:54  Zerg Missile Weapons Level 1  
  178  10:56  Baneling x2  
  178  10:57  Baneling x3  
  181  10:58  Baneling x3  
  181  10:59  Zergling x6  
  184  11:04  Zergling x12  
  184  11:06  Baneling x4  
  184  11:07  Baneling x2  
  184  11:08  Zergling x2  
  191  11:16  Zergling x18  
  191  11:17  Baneling x2  
  196  11:21  Zergling x8  
  192  11:26  Zergling x2  
  192  11:27  Zergling x8  
  192  11:31  Zergling x8  
  164  11:43  Hatchery  
  164  11:45  Zergling x8  
  165  11:47  Baneling x3  
  165  11:48  Baneling  
  165  11:53  Zergling x6  
  168  11:57  Baneling x7  
  166  12:05  Zergling x10  
  166  12:08  Zergling x18  
  165  12:11  Zergling x4  
  155  12:17  Zergling x10  
  155  12:22  Zergling x2  
  153  12:24  Zergling x2  
  153  12:25  Zergling x12  
  153  12:29  Zergling x2  
  160  12:31  Zergling x2  
Tags
 
Add a new tag
Caveats
  • Supply blocks, unpowered buildings, or Contaminate may cause inaccurate times.
  • Supply counts are checked every 10 seconds.